 Dungeon Crawl Stone Soup version 0.21-a0-442-g848f44b (webtiles) character file.

7 Heskey the Chiller (level 1, -1/13 HPs)
             Began as a Vampire Ice Elementalist on Nov 16, 2017.
             Slain by a hobgoblin
             ... wielding a +0 club
              (8 damage)
             ... on level 1 of the Dungeon.
             The game lasted 00:03:23 (272 turns).

Heskey the Chiller (Vampire Ice Elementalist)        Turns: 272, Time: 00:03:24

Health: -1/13      AC:  2    Str:  7    XL:     1   Next: 91%
Magic:  0/3        EV: 13    Int: 17    God:
Gold:   15         SH:  0    Dex: 14    Spells: 3/4 levels left

rFire    . . .     SeeInvis +   (no weapon)
rCold    . . .     Gourm    .   (no shield)
rNeg     + . .     Faith    .   a - +0 robe
rPois    .         Spirit   .   (no helmet)
rElec    .         Reflect  .   (no cloak)
rCorr    .         Harm     .   (no gloves)
MR       .....                  (no boots)
Stlth    ++........             (no amulet)
HPRegen  0.04/turn              (no ring)
MPRegen  0.08/turn              (no ring)

@: very slightly contaminated
A: fangs 3, see invisible, unbreathing
a: no special abilities


You were on level 1 of the Dungeon.
You were not thirsty.

You visited 1 branch of the dungeon, and saw 1 of its levels.

You collected 15 gold pieces.

Inventory:

Missiles
 d - 5 tomahawks (quivered)
Armour
 a - a +0 robe (worn)
Scrolls
 e - a scroll of remove curse {unknown}
Potions
 c - a potion of blood
Books
 b - a book of Frost

   Spells                             Type                      Level
   a - Freeze                         Ice                          1
   b - Throw Frost                    Conjuration/Ice              2
   c - Ozocubu's Armour               Charms/Ice                   3
   d - Throw Icicle                   Conjuration/Ice              4
   e - Summon Ice Beast               Ice/Summoning                4


   Skills:
 + Level 2.4 Dodging
 - Level 3.0 Stealth
 + Level 2.2 Spellcasting
   Level 0.6 Conjurations
 + Level 3.1 Ice Magic


You had 3 spell levels left.
You knew the following spells:

 Your Spells              Type           Power        Failure   Level  Hunger
a - Freeze                Ice            ##..         4%          1    #......


Dungeon Overview and Level Annotations

Branches:
Dungeon (1/15)

Altars:


Innate Abilities, Weirdness & Mutations

You have razor-sharp teeth.
You have supernaturally acute eyesight. (SInv)
You can survive without breathing.


Message History

You freeze the hobgoblin.
The hobgoblin is severely wounded.
The hobgoblin hits you with a club.
You closely miss the hobgoblin.
The hobgoblin is severely wounded.
The hobgoblin closely misses you.
You hit the hobgoblin.
The hobgoblin is almost dead.
The hobgoblin hits you with a club.
You hit the hobgoblin but do no damage. Your bite misses the hobgoblin.
The hobgoblin is almost dead.
The hobgoblin hits you but does no damage.
You hit the hobgoblin but do no damage.
The hobgoblin is almost dead.
The hobgoblin closely misses you.
You hit the hobgoblin but do no damage.
The hobgoblin is almost dead.
The hobgoblin hits you with a club!
Ouch! That really hurt!
You die...

.........#...≈♣♣P≈..
...............#.#..
.................... ..
............#.#.#.. ...
.....###.##.#.# #.# #..♣
..............###.# ...≈♣
.....#......#.....##..#≈≈
.......#...............≈≈
................@.....♣♣≈
...[............g....≈≈≈≈
≈≈≈........≈≈≈..†###..♣P≈
≈≈≈≈≈.....≈≈≈≈≈≈...##..≈P
≈≈≈≈≈≈....≈≈≈≈≈≈≈≈..#...≈
≈≈≈≈≈≈....#####≈≈≈≈......
≈≈≈≈≈....##...##≈≈≈.g....
≈≈≈≈≈....#.....#≈≈≈≈≈...
≈≈≈≈≈....'.....#≈≈≈≈≈..#


You could see a hobgoblin.

Vanquished Creatures
  A leopard gecko (D:1)
  A hobgoblin (D:1)
  A frilled lizard (D:1)
  2 goblins (D:1)
  2 rats (D:1)
7 creatures vanquished.

Notes
Turn   | Place    | Note
-------+----------+-------------------------------------------
     0 | D:1      | Heskey the Vampire Ice Elementalist began the quest for the Orb.
     0 | D:1      | Reached XP level 1. HP: 13/13 MP: 3/3
   272 | D:1      | Slain by a hobgoblin

Vault maps used:
D:1:      minmay_arrival_shoal_huts, serial_bayou_lagoon_b

Action                   || total
-------------------------++-------
Melee: Unarmed           ||     7
 Cast: Freeze            ||     9
Armor: Robe              ||     1
Dodge: Dodged            ||     7

Table legend:
 A = Spawn XP
 B = Non-spawn XP
 C = Spawn XP percentage of total XP
 D = Spawn monster count
 E = Non-spawn monster count
 F = Spawn count percentage of total count
 G = Total turns spent on level
                    A         B        C        D         E        F      G
               +---------+---------+-------+---------+---------+-------+---------
         Total |       0 |      11 |   0.0 |       0 |       7 |   0.0 |   272
               +---------+---------+-------+---------+---------+-------+---------
           D:1 |       0 |      11 |   0.0 |       0 |       7 |   0.0 |   272
               +---------+---------+-------+---------+---------+-------+---------
